 Dungeon Crawl Stone Soup version 0.21.1-1-g345015f (webtiles) character file.

7175 shakethe the Basher (level 11, -2/56 HPs)
             Began as a Vine Stalker Fighter on Feb 23, 2018.
             Was an Elder of Okawaru.
             Slain by a killer bee (5 damage)
             ... on level 10 of the Dungeon.
             The game lasted 00:27:43 (9573 turns).

shakethe the Basher (Vine Stalker Fighter)          Turns: 9573, Time: 00:27:43

Health: -2/56      AC:  9    Str: 19    XL:     11   Next: 11%
Magic:  0/12       EV: 12    Int: 15    God:    Okawaru [****..]
Gold:   559        SH:  5    Dex: 14    Spells: 10/10 levels left

rFire    . . .     SeeInvis .   v - +8 mace of Qohiup {vamp, Int+4}
rCold    . . .     Gourm    .   A - +0 buckler
rNeg     . . .     Faith    .   b - +1 scale mail
rPois    +         Spirit   +   (no helmet)
rElec    .         Reflect  .   (no cloak)
rCorr    .         Harm     .   E - +0 pair of gloves
MR       +....                  (no boots)
Stlth    +.........             (no amulet)
HPRegen  0.58/turn              T - ring of poison resistance {rPois, !d}
MPRegen  0.13/turn              L - ring of stealth {Stlth+}

@: lethally poisoned (-2 -> -2), very slightly contaminated
A: fangs 3, regeneration 1, magic shield, antimagic bite, no potion heal 3, rot
immunity
a: Heroism, Renounce Religion


You were on level 10 of the Dungeon.
You worshipped Okawaru.
Okawaru was greatly pleased with you.
You were not hungry.

You visited 2 branches of the dungeon, and saw 11 of its levels.
You also visited: Sewer.

You collected 559 gold pieces.

Inventory:

Hand Weapons
 a - a +1 rapier of venom
 v - the +8 mace of Qohiup (weapon) {vamp, Int+4}
   (You found it on level 4 of the Dungeon)

   It inflicts no extra harm, but heals its wielder when it wounds a living foe.
   It affects your intelligence (+4).
Missiles
 m - 482 stones (quivered)
 B - 2 throwing nets {=f, !d}
Armour
 b - a +1 scale mail (worn)
 c - a +0 shield
 i - +0 steam dragon scales
   (You found it on level 9 of the Dungeon)
 A - a +0 buckler (worn)
   (You found it on level 5 of the Dungeon)
 E - a +0 pair of gloves (worn)
   (You found it on level 5 of the Dungeon)
 G - a +2 ring mail of cold resistance
   (You found it on level 6 of the Dungeon)
Jewellery
 l - an uncursed ring of protection from cold {rC+, !d}
   (You found it on level 1 of the Dungeon)
 y - an uncursed ring of protection from magic {unknown}
   (You found it on level 10 of the Dungeon)
 L - a ring of stealth (right hand) {Stlth+}
   (You found it on level 9 of the Dungeon)
 T - a ring of poison resistance (left hand) {rPois, !d}
   (You found it on level 9 of the Dungeon)
Wands
 q - a wand of digging (9)
   (You found it on level 3 of the Dungeon)
 r - a wand of polymorph (11)
   (You found it on level 4 of the Dungeon)
 u - a wand of acid (30)
   (You found it on level 3 of the Dungeon)
 Q - a wand of random effects (34)
   (You found it on level 8 of the Dungeon)
Scrolls
 e - 8 scrolls of teleportation
 j - 3 scrolls of fog
 x - a scroll of enchant armour
 C - a scroll of silence {unknown}
 H - 2 scrolls of amnesia
 J - 5 scrolls of identify
Potions
 d - 3 potions of might
 g - 4 potions of resistance {unknown}
 h - 4 potions of curing
 k - 7 potions of heal wounds {unknown}
 n - 5 potions of degeneration {!q}
 o - a potion of magic {unknown}
 p - 2 potions of mutation {!q}
 z - 4 potions of agility
 D - 2 potions of haste
 F - 2 potions of flight
 M - a potion of brilliance {unknown}
 O - a potion of lignification {unknown}
 R - a potion of ambrosia {unknown}
Books
 t - a book of Changes
   (You found it on level 3 of the Dungeon)
 N - a book of Party Tricks
   (You found it on level 7 of the Dungeon)
Comestibles
 f - 22 rations


   Skills:
 + Level 6.0 Fighting
 - Level 3.6 Short Blades
 + Level 10.5 Maces & Flails
 + Level 5.4 Armour
 + Level 4.5 Dodging
 + Level 5.9 Shields


You had 10 spell levels left.
You didn't know any spells.

Dungeon Overview and Level Annotations

Branches:
Dungeon (10/15)            Temple (1/1) D:6             Orc (0/2) D:9
   Lair: D:8-11

Altars:
Ashenzari
Cheibriados
Dithmenos
Fedhas
Gozag
Hepliaklqana
Kikubaaqudgha
Makhleb
Nemelex Xobeh
Okawaru
Qazlal
Ru
Sif Muna
Trog
Uskayaw
Vehumet
Wu Jian
Xom
Yredelemnul
Zin
The Shining One
Beogh

Shops:
D:6 (   D:7 =   D:10 :*


Innate Abilities, Weirdness & Mutations

You have razor-sharp teeth.
Your natural rate of healing is unusually fast.
When hurt, damage is shared between your health and your magic reserves.
Your bite disrupts and absorbs the magic of your enemies.
Potions cannot restore your health.
You are immune to rotting.


Message History

Okawaru accepts your kill.
Your Fighting skill increases to level 6!
You feel sick. The killer bee stings you. The killer bee closely misses you.
You take 1 damage, and have 43/56 hp.
You hit the killer bee.
You feel better.
Your bite misses the killer bee. You block the killer bee's attack.
The killer bee closely misses you. You block the killer bee's attack.
The killer bee closely misses you.
You regained 2 hp, and now have 45/56 hp.
You sock the killer bee! Your bite misses the killer bee.
You feel sick. You block the killer bee's attack.
The killer bee completely misses you.
The queen bee calls on the killer bee to defend it!
The killer bee goes berserk!
The killer bee stings you but does no damage.
You hear an angry buzzing noise. x2
You completely miss the killer bee.
You feel sick. The killer bee stings you.
The killer bee stings you but does no damage. x2
The killer bee stings you.
You hear an angry buzzing noise.
You take 6 damage, and have 39/56 hp.
You miss the killer bee. You bite the killer bee. You drain its power.
You feel invigorated.
You hear an angry buzzing noise.
The killer bee closely misses you. The killer bee stings you.
The killer bee barely misses you.
You miss the killer bee. Your bite misses the killer bee.
You feel sick. You block the killer bee's attack.
The killer bee stings you but does no damage.
The killer bee closely misses you.
The killer bee rages.
You block the killer bee's attack.
You hear an angry buzzing noise. x2
You take 1 damage, and have 38/56 hp.
You closely miss the killer bee.
You feel sick. The killer bee misses you.
The killer bee rages.
The killer bee stings you but does no damage.
The queen bee calls on the killer bee to defend it!
The killer bee goes berserk!
The queen bee calls on the killer bee to defend it!
The killer bee goes berserk!
The killer bee stings you but does no damage.
You hear an angry buzzing noise.
You block the killer bee's attack. The killer bee barely misses you.
The killer bee rages.
The queen bee calls on the killer bee to defend it!
The killer bee goes berserk!
You feel sick.
You hear an angry buzzing noise. x2
The killer bee barely misses you.
You hear an angry buzzing noise.
The killer bee barely misses you.
You hear an angry buzzing noise.
MP restored: 12 The killer bee rages.
You hear an angry buzzing noise.
You block the killer bee's attack.
The killer bee stings you but does no damage.
You hear an angry buzzing noise.
You feel sick. You block the killer bee's attack. x2
The killer bee stings you! The killer bee closely misses you.
The killer bee stings you. The killer bee stings you!
You take 17 damage, and have 21/56 hp.
MASSIVE DAMAGE!!
You now have 7/12 mp.
Okay, then.
As you read the scroll of fear, it crumbles to dust.
You assume a fearsome visage.
The killer bee looks frightened! x2
You block the killer bee's attack. The killer bee stings you.
The killer bee completely misses you. The killer bee closely misses you.
You block the killer bee's attack. x2
The killer bee stings you but does no damage. x2
The killer bee stings you!
* * * LOW HITPOINT WARNING * * *
You take 8 damage, and have 13/56 hp.
You now have 4/12 mp.
Really read
w - a scroll of blinking {!r}?
Blink to where?
You are very lightly contaminated with residual magic.
As you read the scroll of blinking {!r}, it crumbles to dust.
You feel sick.
The killer bee rages.
Cornered, the killer bee turns to fight!
You take 1 damage, and have 12/56 hp.
As you read the scroll of fear, it crumbles to dust.
You assume a fearsome visage.
The killer bee resists with some effort.
The killer bee looks frightened!
The killer bee barely misses you. The killer bee completely misses you.
The killer bee misses you.
You block the killer bee's attack. x2; The killer bee stings you.
The killer bee barely misses you.
Cornered, the killer bee turns to fight!
The killer bee barely misses you. The killer bee completely misses you.
You now have 3/12 mp.
Okay, then.
The killer bee stings you!
* * * LOW HITPOINT WARNING * * *
The killer bee completely misses you. You block the killer bee's attack.
The killer bee rages.
Cornered, the killer bee turns to fight!
The killer bee stings you but does no damage.
You block the killer bee's attack. The killer bee stings you.
You die...

#yy### #'#..#
##y†y# ##∩#..#
####y###########.'#
#......y##.........
#.......##.........
#.......##.........
#.y......#.........
#yyy...............
#.@.....##.........
#..................
##########.........
##########


You could see a queen bee and 6 killer bees.

Vanquished Creatures
  The ghost of Autsider the Covert, a journeyman KoHu of Dithmenos (D:10)
  The ghost of Terandir the Cleaver, a novice MiFi of Cheibriados (D:8)
  An ugly thing (D:10)
  A hornet (D:8)
  A hippogriff (D:10)
  2 steam dragons
  Menkaure (D:4)
  2 soldier ants (D:8)
  3 water moccasins
  An ice beast (D:5)
  3 sky beasts
  A black bear (D:6)
  5 orc warriors
  3 phantoms
  2 ogres
  A necrophage (D:6)
  3 centaurs
  Blork the orc (D:6)
  7 bullfrogs
  3 scorpions
  9 killer bees (D:10)
  An electric eel (D:8)
  A howler monkey (D:10)
  7 crimson imps
  A bullfrog skeleton (D:8)
  A jelly (D:9)
  5 orc priests
  6 hounds
  2 centaur skeletons (D:4)
  An iguana (D:8)
  6 orc wizards
  2 worker ants
  2 hound skeletons (D:4)
  3 worker ant zombies
  18 adders
  11 gnolls
  2 river rats (D:4)
  A shadow imp (D:5)
  2 adder skeletons
  3 adder zombies
  4 worms
  2 dart slugs
  4 leopard geckos
  38 orcs
  4 ball pythons
  7 bats
  7 giant cockroaches
  12 goblins
  13 hobgoblins
  16 jackals
  3 quokkas
  10 frilled lizards
  10 kobolds
  A leopard gecko zombie (D:6)
  9 rats
  A spectral orc (D:3)
  3 plants (Sewer)
271 creatures vanquished.

Notes
Turn   | Place    | Note
-------+----------+-------------------------------------------
     0 | D:1      | shakethe the Vine Stalker Fighter began the quest for the Orb.
     0 | D:1      | Reached XP level 1. HP: 11/11 MP: 2/2
   105 | D:1      | Reached XP level 2. HP: 7/16 MP: 0/3
   319 | D:1      | Reached skill level 2 in Short Blades
   606 | D:1      | Reached XP level 3. HP: 19/19 MP: 4/4
   701 | D:1      | Reached skill level 3 in Shields
   760 | D:1      | Reached skill level 3 in Fighting
  1187 | D:1      | Reached skill level 1 in Dodging
  1493 | D:2      | Found a snail-covered altar of Cheibriados.
  1510 | D:1      | Gained mutation: Your natural rate of healing is unusually fast. [Vine Stalker growth]
  1510 | D:1      | Reached XP level 4. HP: 14/24 MP: 3/5
  2070 | D:3      | HP: 4/24 [orc priest/divine providence (13)]
  2071 | D:3      | Reached skill level 3 in Armour
  2071 | D:3      | Reached XP level 5. HP: 5/28 MP: 1/6
  2412 | D:3      | Reached XP level 6. HP: 32/32 MP: 5/7
  2465 | D:3      | HP: 2/32 [orc priest/nerve-wracking pain (12)]
  2466 | D:3      | Reached skill level 3 in Short Blades
  2777 | D:3      | Found a glowing golden altar of the Shining One.
  2955 | D:3      | Found a basalt altar of Yredelemnul.
  3083 | D:4      | Reached skill level 2 in Dodging
  3198 | D:4      | Reached XP level 7. HP: 25/37 MP: 8/8
  3209 | D:4      | Reached skill level 4 in Fighting
  3233 | D:4      | Reached skill level 4 in Shields
  3268 | D:4      | Got a faintly glowing mace
  3279 | D:4      | Identified the +8 mace of Qohiup {vamp, Int+4} (You found it on level 4 of the Dungeon)
  3446 | D:4      | Found a glowing drain.
  3451 | Sewer    | Entered a sewer
  3680 | Sewer    | Reached skill level 4 in Armour
  4246 | D:4      | Reached skill level 1 in Maces & Flails
  4462 | D:4      | Noticed Menkaure
  4467 | D:4      | Killed Menkaure
  4467 | D:4      | Reached skill level 3 in Dodging
  4467 | D:4      | Gained mutation: You have razor-sharp teeth. [Vine Stalker growth]
  4467 | D:4      | Reached XP level 8. HP: 42/42 MP: 9/9
  4535 | D:5      | Entered Level 5 of the Dungeon
  4634 | D:5      | Found a shimmering altar of Xom.
  4723 | D:5      | Reached skill level 2 in Maces & Flails
  4851 | D:5      | Reached skill level 3 in Maces & Flails
  4944 | D:5      | Reached skill level 4 in Maces & Flails
  4987 | D:5      | Reached skill level 5 in Maces & Flails
  5019 | D:5      | Found a sacrificial altar of Ru.
  5147 | D:6      | Found Cihum's Weapon Shop.
  5181 | D:6      | Reached XP level 9. HP: 41/46 MP: 10/10
  5321 | D:6      | Reached skill level 6 in Maces & Flails
  5505 | D:6      | Noticed Blork the orc
  5515 | D:6      | Killed Blork the orc
  5613 | D:6      | Reached skill level 7 in Maces & Flails
  5818 | D:6      | Found a staircase to the Ecumenical Temple.
  5832 | Temple   | Entered the Ecumenical Temple
  5870 | Temple   | Became a worshipper of Warmaster Okawaru
  6036 | D:7      | Found Emaga's Jewellery Shoppe.
  6070 | D:7      | Found an ornate altar of the Wu Jian Council.
  6193 | D:7      | Found a sparkling altar of Nemelex Xobeh.
  6327 | D:7      | Noticed a dagger
  6328 | D:7      | Noticed a dagger
  6333 | D:7      | Found a hide-covered altar of Uskayaw.
  6578 | D:7      | Found a bloodstained altar of Trog.
  6952 | D:8      | Reached skill level 8 in Maces & Flails
  6976 | D:8      | Reached * piety under Okawaru
  7057 | D:8      | Noticed Terandir's ghost (novice MiFi)
  7126 | D:8      | Killed Terandir's ghost
  7126 | D:8      | Reached skill level 9 in Maces & Flails
  7126 | D:8      | Reached XP level 10. HP: 33/51 MP: 8/11
  7187 | D:8      | Reached ** piety under Okawaru
  7872 | D:8      | Reached skill level 10 in Maces & Flails
  7996 | D:8      | Found a roughly hewn altar of Beogh.
  8192 | D:8      | Reached skill level 5 in Fighting
  8192 | D:8      | Reached skill level 5 in Shields
  8301 | D:9      | Found a staircase to the Orcish Mines.
  8604 | D:9      | Reached *** piety under Okawaru
  8961 | D:10     | Entered Level 10 of the Dungeon
  9037 | D:10     | Found Awunkop's Demolitions Depot.
  9040 | D:10     | Noticed Autsider's ghost (journeyman KoHu)
  9073 | D:10     | Killed Autsider's ghost
  9073 | D:10     | Reached skill level 5 in Armour
  9073 | D:10     | Reached skill level 4 in Dodging
  9210 | D:10     | Noticed a purple ugly thing
  9232 | D:10     | Killed a purple ugly thing
  9232 | D:10     | Reached XP level 11. HP: 23/56 MP: 9/12
  9234 | D:10     | Reached **** piety under Okawaru
  9307 | D:10     | Found Wiloot's Book Shoppe.
  9559 | D:10     | Reached skill level 6 in Fighting
  9570 | D:10     | HP: 13/56 [killer bee (7)]
  9573 | D:10     | HP: 3/56 [killer bee (10)]
  9573 | D:10     | Slain by a killer bee

Skill      XL: |  1  2  3  4  5  6  7  8  9 10 11 |
---------------+----------------------------------+-----
Short Blades   | 2 3 |  3.6
Shields        | 3 4 5 |  5.9
Fighting       | 3 4 5 6 |  6.0
Dodging        | 1 2 3 4 |  4.5
Armour         | 3 4 5 |  5.4
Maces & Flails | 1 5 9 10 | 10.5

Action                   |  1- 3 |  4- 6 |  7- 9 | 10-12 || total
-------------------------+-------+-------+-------+-------++-------
Melee: Rapier            |   135 |   213 |    36 |       ||   384
       Bite              |    29 |    59 |   113 |    62 ||   263
       Mace              |       |       |   358 |   252 ||   610
Invok: Heroism           |       |       |       |     3 ||     3
Evoke: Wand              |       |       |       |     1 ||     1
  Use: Scroll            |       |     8 |       |    15 ||    23
       Potion            |       |       |     1 |     1 ||     2
  Eat: Chunk             |     1 |     6 |     9 |     8 ||    24
       Ration            |       |       |     3 |       ||     3
Armor: Scale mail        |    48 |    92 |   163 |    69 ||   372
Dodge: Dodged            |    33 |    53 |   168 |   153 ||   407
Block: Shield            |    79 |   104 |   119 |       ||   302
       Buckler           |       |       |    40 |    74 ||   114

Vault maps used:
D:1:      mrwooster_arrival_statue_2
D:2:      cheibriados_altar_1
D:3:      tso_altar, yredelemnul_forgotten_temple_becter
D:4:      portal_sewer_entry_e, first_ration, kennysheep_small_square,
          uniq_menkaure
D:5:      led_xom_imps, nicolae_overflow_crystal_walls
D:6:      minmay_temple_entry_overgrown, serial_shops, shop, uniq_blork_the_orc
D:7:      overflow_temple_1_default, old_standard_altar,
          dancing_weapons_uskayaw, nicolae_overflow_hidden_temple, serial_shops,
          nicolae_shop_stone
D:8:      special_room, hangedman_pestilent_swarm, kennysheep_potato
D:9:      orc_0_dummy
D:10:     serial_shops, nicolae_shop_window_shopping, nicolae_blasting_shop
Temple:   cyrus_circular_temple
Sewer:    sewer_co_scattered_pipes

Table legend:
 A = Turns spent in this place as a percentage of turns spent in the entire game.
 B = Non-inter-level travel turns spent in this place as a percentage of non-inter-level travel turns spent in the entire game.
 C = Inter-level travel turns spent in this place as a percentage of turns spent in this place.
 D = Turns resting spent in this place as a percentage of non-inter-level travel turns spent in this place.
 E = Turns spent auto-exploring this place as a percentage of non-inter-level travel turns spent in this place.
 F = Non-inter-level travel turns spent in this place divided by the number of levels of this place that you've seen.
                   A       B       C       D       E      F
               +-------+-------+-------+-------+-------+----------------------
         Total | 100.0 | 100.0 |   2.5 |   5.8 |  62.4 | 777.9
       Dungeon |  91.2 |  91.0 |   2.7 |   6.1 |  62.6 | 849.5
        Temple |   0.5 |   0.6 |   0.0 |   0.0 |  61.5 |  52.0
         Sewer |   8.2 |   8.4 |   0.0 |   3.3 |  60.0 | 788.0
               +-------+-------+-------+-------+-------+----------------------

Table legend:
 A = Kills in this place as a percentage of kills in entire the game.
 B = Kills by you in this place as a percentage of kills by you in the entire game.
 C = Kills by friends in this place as a percentage of kills by friends in the entire game.
 D = Other kills in this place as a percentage of other kills in the entire game.
 E = Experience gained in this place as a percentage of experience gained in the entire game.
 F = Experience gained in this place divided by the number of levels of this place that you have seen.
                   A       B       C       D       E      F
               +-------+-------+-------+-------+-------+----------------------
         Total | 100.0 | 100.0 |   N/A |   N/A | 100.0 | 854.2
       Dungeon |  94.0 |  94.0 |   N/A |   N/A |  99.1 | 1015.5
         Sewer |   6.0 |   6.0 |   N/A |   N/A |   0.9 |  95.0
               +-------+-------+-------+-------+-------+----------------------
